Map: Ulrena

Players

Saadistic

  • Race: Protoss Protoss
  • League: Platinum

FinatuPacco - Winner!

  • Race: Protoss Protoss
  • League: Platinum

VOD

Have the link to the VOD?

Description

Time

  • Played on: Nov. 17, 2015, 1:41 a.m.
  • Length: 9:00
Show
View Real Time Build Order
Export as new Build Order

Saadistic Protoss 

Build Orders:  

Get SALT Encoding   

  12  0:01  Probe (Chrono Boost)  
  13  0:15  Pylon  
  13  0:17  Probe (Chrono Boost)  
  14  0:28  Probe (Chrono Boost)  
  15  0:35  Gateway  
  15  0:39  Probe (Chrono Boost)  
  16  0:46  Assimilator  
  16  0:49  Probe (Chrono Boost)  
  17  0:56  Assimilator  
  17  1:00  Probe (Chrono Boost)  
  18  1:07  Pylon  
  18  1:15  Probe (Chrono Boost)  
  19  1:22  Cybernetics Core  
  19  1:26  Probe (Chrono Boost)  
  20  1:33  Zealot (Chrono Boost)  
  22  1:40  Probe  
  23  1:52  Probe  
  24  1:58  Gateway  
  24  2:00  Adept (Chrono Boost)  
  26  2:02  Warp Gate (Chrono Boost)  
  26  2:06  Probe  
  27  2:18  Probe  
  28  2:24  Adept  
  30  2:30  Pylon  
  30  2:44  Probe  
  31  2:48  Adept  
  33  2:52  Adept  
  33  3:18  Pylon  
  31  3:31  Probe  
  34  3:42  Nexus  
  34  3:44  Probe  
  30  3:53  Stalker  
  30  3:55  Stalker  
  30  4:04  Probe  
  30  4:06  Gateway  
  30  4:07  Pylon  
  31  4:16  Probe  
  32  4:28  Probe  
  32  4:31  Stalker x2  
  35  4:37  Gateway  
  33  4:40  Probe  
  33  4:42  Pylon  
  33  4:43  Gateway  
  34  4:49  Pylon  
  34  4:52  Probe  
  35  4:55  Stalker  
  35  4:59  Adept  
  39  5:00  Probe  
  39  5:04  Probe  
  41  5:11  Stargate  
  41  5:15  Probe  
  41  5:17  Probe  
  43  5:26  Probe  
  44  5:33  Stalker x2  
  46  5:44  Probe  
  46  5:45  Probe  
  46  5:55  Probe  
  47  5:57  Stalker x3  
  47  5:58  Probe  
  47  6:00  Oracle (Chrono Boost)  
  57  6:05  Probe, Assimilator  
  57  6:10  Adept  
  60  6:15  Adept  
  60  6:16  Probe  
  60  6:17  Probe  
  64  6:23  Pylon  
  64  6:29  Probe  
  64  6:30  Adept  
  64  6:32  Oracle (Chrono Boost)  
  58  6:50  Zealot x5  
  53  7:05  Stalker x4  
  53  7:06  Stalker  
  57  7:10  Assimilator  
  57  7:11  Phoenix (Chrono Boost)  
  57  7:13  Mothership Core  
  61  7:17  Probe  
  62  7:29  Probe  
  59  7:31  Stalker  
  59  7:32  Stalker x4, Probe  
  60  7:45  Phoenix (Chrono Boost)  
  60  7:50  Probe  
  62  7:52  Probe  
  64  8:04  Probe x2  
  61  8:11  Zealot  
  61  8:12  Zealot  
  61  8:13  Zealot x2  
  61  8:16  Probe  
  61  8:18  Phoenix (Chrono Boost)  
  62  8:20  Pylon  
  62  8:21  Pylon  
  52  8:40  Zealot  
  52  8:41  Zealot, Pylon  
  51  8:49  Zealot x2  
Show
View Real Time Build Order
Export as new Build Order

FinatuPacco Protoss - Winner!

Build Orders:  

Get SALT Encoding   

  12  0:03  Probe (Chrono Boost)  
  13  0:13  Probe (Chrono Boost)  
  14  0:23  Pylon  
  14  0:24  Probe (Chrono Boost)  
  15  0:42  Probe (Chrono Boost)  
  16  0:52  Probe (Chrono Boost)  
  18  1:04  Probe (Chrono Boost)  
  18  1:08  Nexus  
  18  1:15  Gateway  
  18  1:18  Probe (Chrono Boost)  
  19  1:24  Assimilator  
  19  1:29  Probe (Chrono Boost)  
  20  1:35  Assimilator  
  21  1:40  Probe (Chrono Boost)  
  21  1:45  Pylon  
  21  1:51  Probe (Chrono Boost)  
  22  2:01  Probe (Chrono Boost)  
  22  2:08  Cybernetics Core  
  23  2:13  Probe (Chrono Boost)  
  24  2:22  Probe (Chrono Boost)  
  24  2:23  Probe (Chrono Boost)  
  24  2:28  Zealot (Chrono Boost)  
  28  2:31  Warp Gate  
  28  2:32  Probe  
  28  2:45  Mothership Core (Chrono Boost)  
  30  2:56  Stalker (Chrono Boost)  
  31  3:13  Probe x2  
  31  3:14  Pylon  
  33  3:25  Probe  
  33  3:26  Stalker (Chrono Boost), Probe  
  37  3:31  Twilight Council  
  37  3:38  Probe x2  
  37  3:39  Gateway  
  37  3:50  Probe x2  
  37  3:55  Gateway  
  39  4:02  Probe x2  
  41  4:03  Blink (Chrono Boost)  
  41  4:09  Stalker (Chrono Boost)  
  38  4:34  Pylon  
  38  4:47  Assimilator  
  38  4:48  Probe  
  38  4:49  Probe  
  38  4:51  Pylon  
  38  4:52  Assimilator  
  40  4:57  Stargate  
  40  4:58  Stalker x2  
  44  5:08  Gateway x2  
  44  5:11  Pylon  
  44  5:15  Probe (Chrono Boost)  
  44  5:17  Probe (Chrono Boost)  
  46  5:27  Probe  
  45  5:48  Stalker  
  45  5:49  Stalker x2  
  51  6:04  Stalker x2  
  51  6:08  Void Ray (Chrono Boost)  
  59  6:14  Stalker x3  
  59  6:18  Gateway  
  65  6:20  Gateway  
  65  6:22  Pylon  
  65  6:28  Stalker  
  65  6:29  Gateway  
  65  6:30  Stalker  
  69  6:34  Gateway  
  69  6:35  Gateway  
  63  6:50  Stalker  
  63  6:51  Stalker x2  
  65  7:05  Void Ray (Chrono Boost)  
  65  7:08  Stalker  
  71  7:16  Probe x2  
  73  7:23  Pylon  
  57  7:47  Stalker x6  
  67  8:19  Stalker x5  
  71  8:46  Stalker x5  
Tags
 
Add a new tag
Caveats
  • Supply blocks, unpowered buildings, or Contaminate may cause inaccurate times.
  • Supply counts are checked every 10 seconds.